 Dungeon Crawl Stone Soup version 0.23.2-1-ga50397a (webtiles) character file.

Game seed: 10694210886591832671

92 Fang the Skirmisher (level 4, -2/29 HPs)
             Began as a Gargoyle Berserker on Apr 23, 2019.
             Was a Believer of Trog.
             Slain by a worm (8 damage)
             ... on level 3 of the Dungeon.
             The game lasted 00:03:24 (1729 turns).

Fang the Skirmisher (Gargoyle Berserker)            Turns: 1729, Time: 00:03:25

Health: -2/29      AC:  5    Str: 22    XL:     4   Next: 60%
Magic:  4/4        EV: 12    Int:  7    God:    Trog [**....]
Gold:   101        SH:  0    Dex:  9    Spells: 3/3 levels left

rFire    . . .     SeeInvis .   a - +0 hand axe
rCold    . . .     Gourm    .   (no shield)
rNeg     + . .     Faith    .   b - +0 animal skin
rPois    ∞         Spirit   .   (no helmet)
rElec    +         Reflect  .   (no cloak)
rCorr    .         Harm     .   (no gloves)
MR       .....                  (no boots)
Stlth    +.........             (no amulet)
HPRegen  0.09/turn              (no ring)
MPRegen  0.09/turn              (no ring)

@: no status effects
A: negative energy resistance 1, electricity resistance, unbreathing,
petrification resistance, rot immunity, AC +3
a: Berserk, Trog's Hand, Renounce Religion


You were on level 3 of the Dungeon.
You worshipped Trog.
Trog was pleased with you.
You were not hungry.

You visited 1 branch of the dungeon, and saw 3 of its levels.

You collected 101 gold pieces.

Inventory:

Hand Weapons
 a - a +0 hand axe (weapon)
Armour
 b - a +0 animal skin (worn)
Jewellery
 h - an uncursed amulet of the acrobat {unknown}
Scrolls
 e - 3 scrolls of identify {unknown}
 f - 2 scrolls of enchant weapon {unknown}
 g - 3 scrolls of remove curse {unknown}
 j - a scroll of teleportation {unknown}
 l - a scroll of fear {unknown}
Potions
 d - 2 potions of might {unknown}
 i - a potion of degeneration {unknown}
 k - 2 potions of brilliance {unknown}
Comestibles
 c - 6 rations
 m - 2 chunks of flesh


   Skills:
 + Level 4.0 Fighting
 + Level 3.3 Axes
 + Level 3.1 Armour
 + Level 2.2 Dodging


You had 3 spell levels left.
You didn't know any spells.
Your spell library was empty.

Dungeon Overview and Level Annotations

Branches:
Dungeon (3/15)

Altars:


Innate Abilities, Weirdness & Mutations

You are resistant to torment.
Your stone body is resilient. (AC +3)
You are immune to poison.
You resist negative energy. (rN+)
You are resistant to electric shocks. (rElec)
You can survive without breathing.
You are immune to petrification.
You are immune to rotting.


Message History

You hit the worm but do no damage.
The worm is heavily wounded.
You hit the rat.
You kill the rat!
Trog accepts your kill.
You hit the worm but do no damage.
The worm is heavily wounded.
The worm bites you!
* * * LOW HITPOINT WARNING * * *
You hit the worm.
The worm is heavily wounded.
You completely miss the orc. The orc barely misses you.
The worm barely misses you.
You hit the worm.
The worm is severely wounded.
You hit the orc. The orc closely misses you.
You barely miss the worm.
The worm is severely wounded.
You closely miss the orc. The worm bites you!
You die...

#.#.#########.#.#.##########
#.#.# #.##..# ..#.# #.##..#
# #.# #.##..# #.#
##.##..###### #.######
#...#.......# #......#
#.#.#.#####.# ######.#
#...#.## #.# ##.##@.# #.#
#.#.wo.....# #.#
#.#.#.###..# #.####.#. .# #
#[.....#. .. #..#####. .#.
#..# #. ..< #..# #. #. .
#..#


You could see a worm and an orc.

Vanquished Creatures
  4 adders
  A worm (D:3)
  2 dart slugs
  2 leopard geckos
  2 ball pythons
  A giant cockroach (D:1)
  A goblin (D:1)
  5 hobgoblins
  9 jackals (D:2)
  5 kobolds
  2 quokkas
  6 bats
  A frilled lizard (D:2)
  6 rats
47 creatures vanquished.

Notes
Turn   | Place    | Note
-------+----------+-------------------------------------------
     0 | D:1      | Fang the Gargoyle Berserker began the quest for the Orb.
     0 | D:1      | Reached XP level 1. HP: 14/14 MP: 1/1
   213 | D:1      | Reached XP level 2. HP: 15/19 MP: 2/2
  1044 | D:2      | Reached XP level 3. HP: 18/24 MP: 3/3
  1126 | D:2      | Reached ** piety under Trog
  1178 | D:2      | Reached XP level 4. HP: 23/29 MP: 4/4
  1486 | D:3      | Reached skill level 4 in Fighting
  1729 | D:3      | Slain by a worm

Skill      XL: |  1  2  3  4 |
---------------+-------------+-----
Axes           | 3 |  3.3
Dodging        | 2 |  2.2
Armour         | 3 |  3.1
Fighting       | 4 |  4.0

Action                   |  1- 3 |  4- 6 || total
-------------------------+-------+-------++-------
Melee: Hand axe          |   125 |    67 ||   192
  Eat: Chunk             |     1 |     2 ||     3
Armor: Animal skin       |    64 |    16 ||    80
Dodge: Dodged            |   114 |    49 ||   163
